 Dungeon Crawl Stone Soup version 0.29-a0-486-ga88943ba61 (webtiles) character file.

Game seed: 3652647264206189420

9912 Morbidden the Grappler (level 11, -7/98 HPs)
             Began as a Troll Transmuter on May 26, 2022.
             Was the Champion of Uskayaw.
             Mangled by a two-headed ogre
             ... wielding a +0 giant spiked club
              (25 damage)
             ... on level 10 of the Dungeon.
             The game lasted 00:21:20 (10625 turns).

Morbidden the Grappler (Troll Transmuter)          Turns: 10625, Time: 00:21:20

Health: -7/98      AC:  7    Str: 26    XL:     11   Next: 29%
Magic:  0/15       EV: 11    Int: 19    God:    Uskayaw [******]
Gold:   724        SH:  0    Dex: 10    Spells: 4/17 levels left

rFire   . . .      SeeInvis .     - Unarmed
rCold   . . .      Faith    .   (no shield)
rNeg    . . .      Spirit   +   c - +1 troll leather armour
rPois   .          Reflect  .   (helmet restricted)
rElec   .          Harm     .   (no cloak)
rCorr   .          Rampage  .   (gloves unavailable)
Will    .....                   (boots unavailable)
Stlth   ++........              l - amulet of guardian spirit
HPRegen 1.86/turn               m - +6 ring of strength
MPRegen 0.14/turn               w - +6 ring of intelligence

@: no status effects
A: large, unfitting armour, claws 3, regeneration 1, shaggy fur 1, tough skin 1
a: Renounce Religion, Stomp, Line Pass, Grand Finale


You were on level 10 of the Dungeon.
You worshipped Uskayaw.
Uskayaw was noncommittal.
You visited 1 branch of the dungeon, and saw 10 of its levels.
You also visited: Ossuary and Bailey.

You collected 724 gold pieces.

Inventory:

Hand Weapons
 b - the +1 hunting sling of Laceration {venom, *Corrode Int+6 SInv}
   (You found it on level 8 of the Dungeon)

   Any ammunition fired from it poisons the flesh of those it strikes.
   Int:       It affects your intelligence (+6).
   SInv:      It lets you see invisible.
   *Corrode:  It may corrode you when you take damage.
Missiles
 v - 16 boomerangs (quivered)
 B - 42 poisoned darts
 G - 2 curare-tipped darts
Armour
 c - a +1 troll leather armour (worn)
 s - +0 steam dragon scales
 E - a +2 robe of fire resistance
 J - +0 acid dragon scales
Jewellery
 l - an amulet of guardian spirit (around neck)
 m - a +6 ring of strength (left claw)
 w - a +6 ring of intelligence (right claw)
 y - an amulet of magic regeneration
Wands
 k - a wand of digging (3)
 u - a wand of iceblast (3)
 H - a wand of flame (13)
Scrolls
 d - 7 scrolls of identify
 f - a scroll of vulnerability
 g - 5 scrolls of teleportation
 h - a scroll of fear
 o - 3 scrolls of noise
 q - 2 scrolls of magic mapping
 x - 2 scrolls of fog
 z - 5 scrolls of enchant weapon
 C - a scroll of amnesia
 D - 2 scrolls of blinking
 I - a scroll of enchant armour
Potions
 a - 2 potions of heal wounds
 e - 2 potions of haste
 i - 7 potions of curing
 j - 5 potions of berserk rage {unknown}
 n - 2 potions of flight {unknown}
 p - a potion of invisibility {unknown}
 r - 3 potions of brilliance
 t - 5 potions of degeneration {unknown}
 A - a potion of attraction {unknown}
 F - 4 potions of might


   Skills:
 * Level 3.9 Fighting
 + Level 0.7(0.9) Slings
 * Level 0.6(1.0) Throwing
 + Level 1.5 Armour
 * Level 5.4 Dodging
 + Level 2.3 Stealth
 * Level 3.1 Shields
 * Level 10.2 Unarmed Combat
 * Level 3.8 Spellcasting
 * Level 2.6 Necromancy
 * Level 4.0 Transmutations
 * Level 3.6 Ice Magic
 * Level 4.2 Invocations
 + Level 0.6 Evocations


You had 4 spell levels left.
You knew the following spells:

 Your Spells              Type           Power      Damage    Failure   Level
a - Beastly Appendage     Tmut           36%        N/A       3%          1
b - Ice Form              Ice/Tmut       18%        N/A       32%         4
c - Necromutation         Tmut/Necr      8%         N/A       100%        8

Your spell library contained the following spells:

 Spells                   Type           Power      Damage    Failure   Level
 Wereblood                Tmut           18%        N/A       4%          2
 Necrotize                Necr           52%        1d6       5%          1
 Frozen Ramparts          Ice            34%        1d5       11%         3
 Ozocubu's Armour         Ice            17%        N/A       11%         3
 Apportation              Tloc           6%         N/A       16%         1
 Summon Small Mammal      Summ           12%        N/A       16%         1
 Spider Form              Tmut/Pois      11%        N/A       21%         3
 Gell's Gravitas          Tloc           3%         N/A       43%         3
 Inner Flame              Hex/Fire       3%         N/A       43%         3
 Lesser Beckoning         Tloc           3%         N/A       43%         3
 Portal Projectile        Hex/Tloc       6%         N/A       43%         3
 Teleport Other           Tloc           3%         N/A       43%         3
 Tukima's Dance           Hex            3%         N/A       43%         3
 Summon Ice Beast         Ice/Summ       10%        N/A       58%         4
 Cause Fear               Hex            1%         N/A       83%         4
 Fulminant Prism          Conj/Hex       1%         3d6       83%         4
 Iskenderun's Mystic Bla  Conj/Tloc      3%         2d3       83%         4
 Blade Hands              Tmut           9%         N/A       63%         5
 Lee's Rapid Deconstruct  Erth           1%         3d5*      99%         5
 Ozocubu's Refrigeration  Ice            8%         4d6       100%        7
 Borgnjor's Revivificati  Necr           6%         N/A       100%        8
 Discord                  Hex            1%         N/A       100%        8
 Death's Door             Necr           6%         N/A       100%        9


Dungeon Overview and Level Annotations

Branches:
Dungeon (10/15)            Temple (0/1) D:6             Orc (0/2) D:10
Ossuary (visited)          Bailey (visited)
   Lair: D:8-11

Altars:
Dithmenos
Fedhas
Gozag
Nemelex Xobeh
Okawaru
Qazlal
Uskayaw

Shops:
D:7 =


Innate Abilities, Weirdness & Mutations

You are too large for most types of armour.
You have claws for hands.
Your natural rate of healing is unusually fast.
You are covered in fur. (AC +1)
You have tough skin. (AC +1)


Message History

The troll barely misses you.
The two-headed ogre shouts in stereo!
You scratch the troll.
The troll is almost dead.
The troll barely misses you. x2; The troll claws you.
You claw the troll!
You kill the troll!
The troll leather armour is intact enough to wear.
You swing at nothing.
You mangle the ogre zombie!!
The ogre zombie is almost destroyed.
You feel yourself slow down.
You mangle the ogre zombie!!
You destroy the ogre zombie!
You claw the orc zombie!
You destroy the orc zombie!
You swing at nothing.
Throw: 16 boomerangs
Press: ? - help, Q - select action, (/) - cycle Shift-Dir - straight line, f - two-headed ogre
Aim: a two-headed ogre, wielding two +0 giant spiked clubs (72% to hit)
You throw a boomerang. The boomerang hits the two-headed ogre.
The two-headed ogre is lightly wounded.
Unknown command.
You don't have enough magic at the moment.
You barely miss the two-headed ogre.
The two-headed ogre is lightly wounded.
You scratch the two-headed ogre.
The two-headed ogre is lightly wounded.
The two-headed ogre hits you with a +0 giant spiked club! x2
A troll comes into view.
Unknown command.
Unknown command.
You don't have enough magic at the moment.
Unknown command.
You scratch the two-headed ogre but do no damage.
The two-headed ogre is lightly wounded.
The two-headed ogre hits you with a +0 giant spiked club!!
* * * LOW HITPOINT WARNING * * *
The two-headed ogre hits you with a +0 giant spiked club!!
You die...

#........ ##.....#####
....8......#
...........#
...........##
............##
....>.....8..##
..............##########
...........##..O@.......
...........#############
....8......#
##.?...##### ###.## #. #


You could see a two-headed ogre.

Vanquished Creatures
  A two-headed ogre (Bailey)
  Pikel (D:6)
  Maggie (D:7)
  4 trolls
  Prince Ribbit (D:5)
  2 hornets
  2 wraiths (Ossuary)
  5 spriggans (Bailey)
  Sigmund (D:5)
  A yak (D:10)
  2 wyverns
  3 steam dragons
  Grum (D:8)
  Menkaure (D:7)
  3 acid dragons
  Duvessa (D:5)
  A water moccasin (D:6)
  An ice beast (D:7)
  3 black bears
  3 orc warriors
  3 ogres
  3 wolves (D:8)
  3 centaurs
  A lemure (D:6)
  2 phantoms (D:10)
  5 kobold brigands
  3 bullfrogs
  A scorpion (D:4)
  9 wights
  Dowan (D:5)
  2 troll zombies (D:10)
  11 killer bees
  5 howler monkeys
  A hound (D:7)
  6 orc priests
  A jelly (D:6)
  4 iguanas
  4 orc wizards
  Natasha (twice) (D:2)
  6 ogre zombies (D:10)
  9 gnolls
  4 adders
  A shadow imp (D:6)
  2 adder zombies (Ossuary)
  A worm (D:3)
  6 dart slugs
  18 orcs
  8 endoplasms
  6 giant cockroaches
  9 goblins
  10 hobgoblins
  5 quokkas
  4 ball pythons
  4 bats
  4 frilled lizards
  A goblin skeleton (D:10)
  3 goblin zombies (D:10)
  3 hobgoblin skeletons
  3 hobgoblin zombies
  60 kobolds
  2 kobold zombies (Ossuary)
  5 orc skeletons
  15 orc zombies (D:10)
  5 rats
299 creatures vanquished.

Vanquished Creatures (collateral kills)
  An ogre (Bailey)
  A goblin (D:4)
  A quokka (D:4)
3 creatures vanquished.

Vanquished Creatures (others)
  An ogre (Bailey)
1 creature vanquished.

Grand Total: 303 creatures vanquished

Notes
Turn   | Place    | Note
-------+----------+-------------------------------------------
     0 | D:1      | Morbidden the Troll Transmuter began the quest for the Orb.
     0 | D:1      | Reached XP level 1. HP: 18/18 MP: 1/1
   185 | D:1      | Reached XP level 2. HP: 26/26 MP: 3/3
   322 | D:1      | Reached skill level 1 in Fighting
   346 | D:1      | Found a faded altar of an unknown god.
   373 | D:1      | Prayed at the altar of an unknown god.
   373 | D:1      | Became a worshipper of Uskayaw the Reveller
   373 | D:1      | Reached * piety under Uskayaw
   380 | D:1      | Reached ** piety under Uskayaw
   832 | D:1      | Reached XP level 3. HP: 33/33 MP: 4/4
  1130 | D:2      | Noticed Natasha
  1134 | D:2      | Killed Natasha
  1453 | D:2      | Reached XP level 4. HP: 36/41 MP: 3/5
  1455 | D:2      | Reached skill level 4 in Unarmed Combat
  1632 | D:2      | Noticed Natasha
  1642 | D:2      | Killed Natasha
  2438 | D:3      | Learned a level 4 spell: Ice Form
  2510 | D:3      | Reached skill level 1 in Invocations
  2510 | D:3      | Reached XP level 5. HP: 30/48 MP: 3/6
  2909 | D:4      | Found a sand-covered staircase.
  2914 | Ossuary  | Entered an ossuary
  3012 | Ossuary  | Noticed a wraith
  3012 | Ossuary  | Noticed a flying skull
  3021 | Ossuary  | Noticed a flying skull
  3046 | Ossuary  | Noticed a flying skull
  3061 | Ossuary  | Reached XP level 6. HP: 51/55 MP: 5/7
  3093 | Ossuary  | Noticed a wraith
  3101 | Ossuary  | Reached *** piety under Uskayaw
  3104 | Ossuary  | Killed a wraith
  3105 | Ossuary  | Reached skill level 5 in Unarmed Combat
  3164 | Ossuary  | Noticed a flying skull
  3169 | Ossuary  | Noticed a wraith
  3181 | Ossuary  | Killed a wraith
  3182 | Ossuary  | Reached skill level 1 in Ice Magic
  3182 | Ossuary  | Reached XP level 7. HP: 22/63 MP: 2/9
  3349 | D:4      | Reached skill level 6 in Unarmed Combat
  4115 | D:4      | Reached skill level 1 in Stealth
  4115 | D:4      | Reached XP level 8. HP: 66/72 MP: 8/10
  4507 | D:5      | Entered Level 5 of the Dungeon
  4787 | D:5      | Reached **** piety under Uskayaw
  4856 | D:5      | Reached skill level 7 in Unarmed Combat
  4960 | D:5      | Noticed Prince Ribbit
  4994 | D:5      | Noticed Duvessa
  4994 | D:5      | Noticed Dowan
  5000 | D:5      | Noticed Sigmund
  5182 | D:5      | Killed Sigmund
  5596 | D:5      | Killed Duvessa
  5600 | D:5      | Killed Dowan
  5686 | D:5      | Killed Prince Ribbit
  6554 | D:6      | Noticed Pikel
  6559 | D:6      | Killed Pikel
  6560 | D:6      | Reached skill level 8 in Unarmed Combat
  6560 | D:6      | Reached XP level 9. HP: 66/80 MP: 7/12
  6603 | D:6      | Learned a level 8 spell: Necromutation
  6729 | D:6      | Found a stormy altar of Qazlal.
  6832 | D:6      | Found a staircase to the Ecumenical Temple.
  7096 | D:6      | Identified a scroll of acquirement
  7096 | D:6      | Acquired the +10 tower shield of Ignorance {rN+ Int-4}
  7096 | D:6      | Found the +10 tower shield of Ignorance {rN+ Int-4}
  7132 | D:7      | Found Nofimm's Jewellery Shoppe.
  7149 | D:7      | Noticed Menkaure
  7163 | D:7      | Killed Menkaure
  7230 | D:7      | Found a flagged portal.
  7238 | D:7      | Noticed a troll
  7254 | D:7      | Killed a troll
  7255 | D:7      | Reached skill level 1 in Shields
  7255 | D:7      | Reached skill level 9 in Unarmed Combat
  7255 | D:7      | Reached skill level 1 in Necromancy
  7290 | Bailey   | Entered a bailey
  7402 | Bailey   | Noticed a two-headed ogre
  7414 | Bailey   | Killed a two-headed ogre
  7415 | Bailey   | Reached XP level 10. HP: 43/91 MP: 1/13
  7644 | Bailey   | Reached skill level 5 in Dodging
  7800 | D:7      | Found an iron altar of Okawaru.
  7890 | D:7      | Noticed Maggie
  7906 | D:7      | Killed Maggie
  8135 | D:7      | Found a blossoming altar of Fedhas.
  8397 | D:8      | Reached skill level 1 in Armour
  8984 | D:8      | Identified the +1 hunting sling of Laceration {venom,
                  | *Corrode Int+6 SInv}
  9292 | D:8      | Noticed Grum
  9304 | D:8      | Reached ***** piety under Uskayaw
  9306 | D:8      | Killed Grum
  9653 | D:9      | Reached XP level 11. HP: 74/98 MP: 9/15
  9820 | D:9      | Found a shadowy altar of Dithmenos.
  9903 | D:9      | HP: 3/98 [poisoned by a killer bee]
 10047 | D:9      | Reached skill level 10 in Unarmed Combat
 10236 | D:9      | Found an opulent altar of Gozag.
 10238 | D:9      | Found a sparkling altar of Nemelex Xobeh.
 10488 | D:10     | Entered Level 10 of the Dungeon
 10529 | D:10     | Found a staircase to the Orcish Mines.
 10543 | D:10     | Reached ****** piety under Uskayaw
 10614 | D:10     | Noticed a two-headed ogre
 10625 | D:10     | Mangled by a two-headed ogre

Illustrated notes

Levels and vault maps discovered:
D:1:      dpeg_arrival_central, layout_basic, serial_curves, eino_curves_02,
          eino_curves_04, eino_curves_03, eino_curves_04,
          chequers_ecumenical_altar_island
D:2:      layout_basic, uniq_natasha
D:3:      minmay_angry_zag, layout_basic, kennysheep_generic_room_14
D:4:      minmay_goblin_kobold_castle, layout_rooms,
          nicolae_ossuary_entry_false_entrances, grunt_ministairs_15,
          kennysheep_potato
D:5:      layout_basic, uniq_sigmund, uniq_duvessa, uniq_prince_ribbit1
D:6:      layout_loops_ring, nicolae_qazlal_scattered_showers, temple_doors_e,
          uniq_pikel
D:7:      layout_rooms, fedhas_altar_fruit_tree, okawaru_metal_pillars_1_2,
          serial_shops, shop, enter_bailey_6, grunt_ministairs_6, uniq_maggie,
          uniq_menkaure
D:8:      layout_loops_corners, grunt_ministairs_8, patterned_corridor,
          uniq_grum
D:9:      layout_cave_pools, chequers_temple_overflow_statue_of_worship
D:10:     layout_roguey, slow_altar_2, mainiacjoe_overflow_large_starburst,
          mainiacjoe_overflow_surrounded_room, dpeg_lair_monsters,
          zombieorc2_lemuel, minivault_11, minmay_orc_keep

Skill      XL: |  1  2  3  4  5  6  7  8  9 10 11 |
---------------+----------------------------------+-----
Fighting       | 1 2 3 |  3.9
Unarmed Combat | 4 5 6 8 9 10 | 10.2
Dodging        | 2 3 4 5 |  5.4
Invocations    | 1 2 3 4 |  4.2
Transmutations | 2 3 4 |  4.0
Spellcasting   | 2 3 |  3.8
Ice Magic      | 1 2 3 |  3.6
Stealth        | 1 2 |  2.3
Shields        | 1 2 3 |  3.1
Necromancy     | 1 2 |  2.6
Armour         | 1 |  1.5
Slings         | |  0.7
Throwing       | |  0.6
Evocations     | |  0.6

Action                   |  1- 3 |  4- 6 |  7- 9 | 10-12 || total
-------------------------+-------+-------+-------+-------++-------
Melee: Unarmed           |    82 |   152 |   286 |   292 ||   812
       Punch             |       |     2 |    14 |    18 ||    34
       Kick              |       |     1 |     1 |     5 ||     7
       Headbutt          |       |       |     2 |     4 ||     6
 Fire: Hunting sling     |       |       |       |    15 ||    15
Throw: Dart              |       |       |     1 |       ||     1
       Boomerang         |       |       |       |    24 ||    24
 Cast: Beastly Appendage |     1 |     1 |     2 |     6 ||    10
Invok: Stomp             |       |     2 |     2 |     3 ||     7
       Line Pass         |       |       |     2 |     2 ||     4
Evoke: Wand              |       |       |    14 |     7 ||    21
  Use: Scroll            |       |     8 |    10 |     3 ||    21
       Potion            |       |       |     7 |     4 ||    11
 Stab: Sleeping          |       |     2 |     2 |       ||     4
       Paralysed         |       |     1 |     8 |     9 ||    18
       Distracted        |       |       |     1 |       ||     1
Armor: Robe              |    34 |    33 |    79 |       ||   146
       Skin              |       |       |     9 |     5 ||    14
       Troll leather arm |       |       |     1 |    97 ||    98
Dodge: Dodged            |    35 |    73 |   159 |   168 ||   435

Table legend: (Time is in decaauts)
 A = Elapsed time spent in this place.
 B = Non-inter-level travel time spent in this place.
 C = Inter-level travel time spent in this place.
 D = Time resting spent in this place.
 E = Time spent auto-exploring this place.
 F = Levels seen in this place.
 G = Mean time per level.
                   A        B        C        D        E       F      G
               +--------+--------+--------+--------+--------+-----+--------+
         Total |  10580 |  10099 |    481 |    713 |   7350 |  12 |  881.7 |
       Dungeon |   9692 |   9211 |    481 |    464 |   7050 |  10 |  969.2 |
       Ossuary |    385 |    385 |      0 |     60 |    197 |   1 |  385.0 |
        Bailey |    502 |    502 |      0 |    189 |    102 |   1 |  502.0 |
               +--------+--------+--------+--------+--------+-----+--------+

Top non-repeatable levels by time:
     D:5: 1838 daAuts
     D:4: 1457 daAuts
     D:8: 1081 daAuts
     D:1: 1030 daAuts
     D:2: 951 daAuts
     D:9: 932 daAuts
     D:3: 842 daAuts
     D:7: 786 daAuts
     D:6: 668 daAuts
  Bailey: 502 daAuts
 Ossuary: 385 daAuts
    D:10: 103 daAuts
